 Dungeon Crawl Stone Soup version 0.23-a0-261-g133332c (webtiles) character file.

2605 mandick the Ruffian (level 9, 0/69 HPs)
             Began as a Demonspawn Transmuter on Sept 30, 2018.
             Was a Believer of Cheibriados.
             Slain by an orc wizard
             ... wielding a +0 dagger
              (2 damage)
             ... on level 6 of the Dungeon.
             The game lasted 00:28:38 (8641 turns).

mandick the Ruffian (Demonspawn Transmuter)         Turns: 8641, Time: 00:28:39

Health: 0/69       AC:  5    Str: 21    XL:     9   Next: 33%
Magic:  0/15       EV: 16    Int: 20    God:    Cheibriados [**....]
Gold:   302        SH:  0    Dex: 16    Spells: 13/16 levels left

rFire    . . .     SeeInvis .     - Unarmed
rCold    . . .     Gourm    .   (no shield)
rNeg     . . .     Faith    .   b - +1 robe
rPois    .         Spirit   +   (no helmet)
rElec    .         Reflect  .   (no cloak)
rCorr    .         Harm     .   (no gloves)
MR       .....                  (no boots)
Stlth    ++........             (no amulet)
HPRegen  0.21/turn              H - -3 ring of dexterity (curse)
MPRegen  0.28/turn              x - ring of stealth

@: very slow
A: claws 1, icy blue scales 1, powered by death 1, magic shield, magic
regeneration
a: Bend Time, Renounce Religion


You were on level 6 of the Dungeon.
You worshipped Cheibriados.
Cheibriados was pleased with you.
You were not hungry.

You visited 2 branches of the dungeon, and saw 8 of its levels.

You collected 302 gold pieces.

Inventory:

Hand Weapons
 u - the +6 quarterstaff of Modesty {antimagic, SInv, unknown}
   (You found it on level 4 of the Dungeon)

   It reduces the magical energy of the wielder, and disrupts the spells and
   magical abilities of those hit.
   Natural abilities and divine invocations are not affected.
   It lets you see invisible.
Missiles
 a - an arrow
 y - 3 tomahawks (quivered)
Armour
 b - a +1 robe (worn)
 p - a +0 pair of gloves
 B - a scarf of cloud immunity
Jewellery
 x - a ring of stealth (right claw)
 H - a cursed -3 ring of dexterity (left claw)
Wands
 o - a wand of polymorph (13)
 t - a wand of random effects (9)
 E - a wand of digging (16)
Scrolls
 e - 3 scrolls of enchant weapon
 f - a scroll of noise
 h - a scroll of blinking
 j - 4 scrolls of teleportation
 m - a scroll of fog
 r - 5 scrolls of identify
 C - a scroll of fear
Potions
 c - 2 potions of cancellation {unknown}
 g - a potion of brilliance
 i - a potion of curing
 k - a potion of agility {unknown}
 l - 2 potions of invisibility {unknown}
 n - 2 potions of berserk rage {unknown}
 s - a potion of experience {unknown}
 v - 2 potions of mutation {unknown}
 w - a potion of haste {unknown}
 z - a potion of lignification {unknown}
 A - 2 potions of might {unknown}
 D - 2 potions of ambrosia {unknown}
Comestibles
 d - 13 rations
 q - 2 chunks of flesh


   Skills:
 + Level 6.1 Fighting
 + Level 5.7 Dodging
 + Level 6.1 Unarmed Combat
 - Level 4.0 Spellcasting
 + Level 5.7 Transmutations


You had 13 spell levels left.
You knew the following spells:

 Your Spells              Type           Power        Failure   Level  Hunger
a - Beastly Appendage     Tmut           ####..       1%          1    None
b - Sticks to Snakes      Tmut           ####....     1%          2    #......

Your spell library contained the following spells:

 Spells                   Type           Power        Failure   Level  Hunger
 Spider Form              Tmut/Pois      ###.......   12%         3    ###....
 Blade Hands              Tmut           ####......   32%         5    ######.
 Ice Form                 Ice/Tmut       ###.....     36%         4    ####...


Dungeon Overview and Level Annotations

Branches:
Dungeon (7/15)             Temple (1/1) D:4

Altars:
Ashenzari
Cheibriados
Dithmenos
Elyvilon
Fedhas
Gozag
Hepliaklqana
Kikubaaqudgha
Makhleb
Nemelex Xobeh
Okawaru
Qazlal
Ru
Sif Muna
Uskayaw
Vehumet
Wu Jian
Xom
Yredelemnul
Zin
The Shining One


Innate Abilities, Weirdness & Mutations

You have sharp fingernails.
You are partially covered in icy blue scales. (AC +2)
You regenerate a little health from kills.
When hurt, damage is shared between your health and your magic reserves.
You regenerate magic rapidly.


Message History

The puff of frost hits you!
* * * LOW HITPOINT WARNING * * *
The giant cockroach misses you. Something barely misses you.
Casting: Sticks to Snakes (safe; 1% risk of failure)
Confirm with . or Enter, or press ? or * to list all spells.
You create 2 snakes!
You now have 1 arrow.
Something hits you but does no damage. The giant cockroach closely misses you.
You barely miss the giant cockroach. Something hits you but does no damage.
The giant cockroach misses you.
You barely miss the giant cockroach. You claw the giant cockroach.
The giant cockroach is moderately wounded.
Something hits you.
* * * LOW HITPOINT WARNING * * *
The giant cockroach completely misses you.
Your ball python barely misses the giant cockroach.
Your ball python grabs the giant cockroach.
Your ball python constricts the giant cockroach.
Your ball python bites the giant cockroach but does no damage.
Something hits you.
You die...

######### #.......#
#.#####.## #.###....##
#...#.#...###
####.#.##....#####
#####@................
#....sS...............
#.....S.....).##.#####
#..........#<..#.#
#.......#...####.#
#######.#.....##.#####
#.#.#...........
#.######........
#...............


You could see a giant cockroach and 2 friendly ball pythons.

Vanquished Creatures
  Grinder (D:3)
  Sigmund (D:3)
  A spriggan (D:7)
  Edmund (D:4)
  3 sky beasts
  A necrophage (D:6)
  A phantom (D:4)
  3 ogres
  A bullfrog (D:6)
  2 scorpions
  5 wights (D:6)
  A howler monkey (D:5)
  A crimson imp (D:6)
  A quasit (D:4)
  5 hounds
  5 orc wizards
  A bullfrog skeleton (D:3)
  A gnoll shaman (D:5)
  2 orc priests (D:4)
  2 centaur skeletons
  Crazy Yiuf (D:7)
  Terence (D:3)
  Ijyb (D:3)
  2 worker ants (D:5)
  A hound skeleton (D:4)
  A howler monkey zombie (D:5)
  6 gnolls
  5 adders
  A shadow imp (D:6)
  2 oozes
  An adder skeleton (D:5)
  A worm (D:2)
  5 dart slugs
  5 leopard geckos
  15 orcs
  11 bats
  7 giant cockroaches
  12 hobgoblins
  7 jackals
  2 ball pythons
  6 frilled lizards
  10 goblins
  5 kobolds
  A quokka skeleton (D:4)
  8 rats
156 creatures vanquished.

Vanquished Creatures (collateral kills)
  Blork the orc (D:6)
  A gnoll (D:5)
  An adder (D:3)
  A leopard gecko (D:7)
  An orc (D:4)
  2 jackals (D:5)
7 creatures vanquished.

Grand Total: 163 creatures vanquished

Notes
Turn   | Place    | Note
-------+----------+-------------------------------------------
     0 | D:1      | mandick the Demonspawn Transmuter began the quest for the
                  | Orb.
     0 | D:1      | Reached XP level 1. HP: 15/15 MP: 3/3
   295 | D:1      | Gained mutation: When hurt, damage is shared between your
                  | health and your magic reserves. [demonic ancestry]
   295 | D:1      | Reached XP level 2. HP: 13/21 MP: 3/5
   940 | D:1      | Gained mutation: You regenerate a little health from kills.
                  | [demonic ancestry]
   940 | D:1      | Reached XP level 3. HP: 26/26 MP: 6/6
   987 | D:1      | Learned a level 2 spell: Sticks to Snakes
  1484 | D:2      | Found a white marble altar of Elyvilon.
  1892 | D:2      | Gained mutation: You regenerate magic rapidly. [demonic
                  | ancestry]
  1892 | D:2      | Reached XP level 4. HP: 27/33 MP: 5/7
  2327 | D:3      | Noticed Sigmund
  2348 | D:3      | Killed Sigmund
  2348 | D:3      | Reached XP level 5. HP: 10/39 MP: 2/9
  2609 | D:3      | Gained mutation: You are partially covered in icy blue
                  | scales. (AC +2) [demonic ancestry]
  2609 | D:3      | Reached XP level 6. HP: 11/46 MP: 3/10
  2844 | D:3      | Noticed Grinder
  2870 | D:3      | Paralysed by Grinder for 7 turns
  2898 | D:3      | Killed Grinder
  3627 | D:3      | Noticed Ijyb
  3638 | D:3      | Killed Ijyb
  3638 | D:3      | Gained mutation: You have sharp fingernails. [demonic
                  | ancestry]
  3638 | D:3      | Reached XP level 7. HP: 50/52 MP: 8/12
  3726 | D:3      | Noticed Terence
  3737 | D:3      | Killed Terence
  4450 | D:4      | Got a jewelled quarterstaff
  4494 | D:4      | Found a staircase to the Ecumenical Temple.
  4513 | Temple   | Entered the Ecumenical Temple
  4587 | Temple   | Became a worshipper of Cheibriados the Contemplative
  5235 | D:4      | Noticed Edmund
  5253 | D:4      | Killed Edmund
  5253 | D:4      | Reached XP level 8. HP: 23/60 MP: 5/14
  5727 | D:5      | Entered Level 5 of the Dungeon
  5912 | D:5      | Reached * piety under Cheibriados
  6221 | D:5      | Reached skill level 5 in Unarmed Combat
  6672 | D:5      | Reached ** piety under Cheibriados
  7196 | D:6      | Reached skill level 5 in Fighting
  7228 | D:6      | Reached skill level 5 in Dodging
  7235 | D:6      | Reached skill level 5 in Transmutations
  7675 | D:6      | Noticed Blork the orc
  7691 | D:6      | Killed Blork the orc
  7770 | D:6      | Reached XP level 9. HP: 56/68 MP: 12/15
  8558 | D:7      | Found a runed door.
  8563 | D:7      | Noticed Crazy Yiuf
  8569 | D:7      | Killed Crazy Yiuf
  8641 | D:6      | HP: 2/69 [something (3)]
  8641 | D:6      | Slain by an orc wizard

Vault maps used:
D:1:      mainiacjoe_arrival_reflecting_pool
D:2:      first_ration, elyvilon_altar_4
D:3:      minivault_26, grunt_ministairs_5, uniq_sigmund, uniq_terence,
          uniq_grinder, uniq_ijyb
D:4:      minmay_temple_entry_trees, corexii_hall_statues_i,
          kennysheep_generic_room_15, uniq_edmund
D:6:      minmay_holes, uniq_blork_the_orc
D:7:      the_bakery, uniq_crazy_yiuf_cottage
Temple:   nicolae_temple_the_god_donut

Skill      XL: |  1  2  3  4  5  6  7  8  9 |
---------------+----------------------------+-----
Dodging        | 2 3 4 5 |  5.7
Transmutations | 2 3 4 5 |  5.7
Unarmed Combat | 3 4 5 6 |  6.1
Fighting       | 2 3 4 5 6 |  6.1
Spellcasting   | 3 4 |  4.0

Action                   |  1- 3 |  4- 6 |  7- 9 || total
-------------------------+-------+-------+-------++-------
Melee: Unarmed           |   200 |   139 |   402 ||   741
       Headbutt          |     4 |    11 |    26 ||    41
       Kick              |     3 |       |    30 ||    33
       Punch             |       |       |    10 ||    10
Throw: Tomahawk          |       |       |     3 ||     3
 Cast: Beastly Appendage |     7 |     6 |    27 ||    40
       Sticks to Snakes  |       |     4 |    43 ||    47
  Use: Potion            |       |       |     3 ||     3
       Scroll            |       |       |    11 ||    11
 Stab: Sleeping          |     1 |       |     2 ||     3
       Distracted        |       |       |     4 ||     4
  Eat: Chunk             |     3 |     6 |    11 ||    20
       Ration            |       |       |     1 ||     1
Armor: Robe              |    59 |    27 |    84 ||   170
       Skin              |       |     2 |       ||     2
Dodge: Dodged            |   140 |    81 |   306 ||   527

Table legend:
 A = Non-vault XP
 B = Vault XP
 C = Vault XP percentage of total XP
 D = Non-vault monster count
 E = Vault monster count
 F = Vault count percentage of total count
                 A         B        C        D         E       F
            +---------+---------+-------+---------+---------+-------
      Total |    2676 |    1046 |  28.1 |     153 |      10 |   6.1
            +---------+---------+-------+---------+---------+-------
        D:1 |      54 |       0 |   0.0 |      31 |       0 |   0.0
        D:2 |      52 |       0 |   0.0 |      20 |       0 |   0.0
        D:3 |     130 |     573 |  81.5 |      23 |       6 |  20.7
        D:4 |     602 |     145 |  19.4 |      25 |       1 |   3.8
        D:5 |     514 |       0 |   0.0 |      27 |       0 |   0.0
        D:6 |     964 |      93 |   8.8 |      18 |       1 |   5.3
        D:7 |     360 |     235 |  39.5 |       9 |       2 |  18.2
            +---------+---------+-------+---------+---------+-------
